 Dungeon Crawl Stone Soup version 0.31-a0-267-g3fc6992b3b (webtiles) character file.

Game seed: 9858009466133889569

10577 qw the Marksminotaur (level 11, -9/95 (99) HPs)
             Began as a Minotaur Hexslinger on July 13, 2023.
             Was a Believer of Okawaru.
             Mangled by a skyshark (10 damage)
             ... on level 2 of the Lair of Beasts.
             The game lasted 00:04:41 (10681 turns).

qw the Marksminotaur (Minotaur Hexslinger)         Turns: 10681, Time: 00:04:42

HP:   -9/95 (99)    AC: 12    Str: 12    XL:     11   Next: 38%
MP:   11/13         EV: 20    Int: 10    God:    Okawaru [**....]
Gold: 673           SH:  0    Dex: 18    Spells: 11/12 levels left

rFire   + . .        Y - +1 orcbow
rCold   + . .        (shield currently unavailable)
rNeg    . . .        k - +2 robe {rF+}
rPois   .            o - +2 hat
rElec   .            (no cloak)
rCorr   .            f - +2 pair of gloves
SInv    .            g - +1 pair of boots
Will    +....        (no amulet)
Stlth   +++          h - ring of protection from cold
HPRegen 0.35/turn    p - ring of willpower
MPRegen 0.13/turn

%: no passive effects
@: about to teleport, heroic, lightly drained
A: horns 2, retaliatory headbutt
a: Renounce Religion, Heroism


You were on level 2 of the Lair of Beasts.
You worshipped Okawaru.
Okawaru was pleased with you.
You visited 3 branches of the dungeon, and saw 13 of its levels.
You also visited: Sewer.

You collected 728 gold pieces.
You spent 55 gold pieces at shops.


Innate Abilities, Weirdness & Mutations

You have a pair of horns on your head.
You reflexively headbutt those who attack you in melee.


   Skills:
 - Level 10.0(15.0) Fighting
 - Level 15.0(20.0) Ranged Weapons
 - Level 2.0(7.0) Armour
 + Level 7.5(12.5) Dodging
 - Level 1.0 Spellcasting
 - Level 2.0 Hexes
 - Level 4.1 Invocations


You had 11 spell levels left.
You knew the following spells:

 Your Spells              Type           Power      Damage    Failure   Level
a - Slow                  Hex            16%        N/A       16%         1

Your spell library contained the following spells:

 Spells                   Type           Power      Damage    Failure   Level
 Inner Flame              Hex/Fire       2%         N/A       56%         3
 Portal Projectile        Hex/Tloc       4%         N/A       56%         3
 Cause Fear               Hex            2%         N/A       83%         4

Inventory:

Hand Weapons
 Y - a +1 orcbow (weapon)
Armour
 b - +0 acid dragon scales
 f - a +2 pair of gloves (worn)
 g - a +1 pair of boots (worn)
 k - a +2 robe of fire resistance (worn)
 o - a +2 hat (worn)
Jewellery
 h - a ring of protection from cold (left hand)
 p - a ring of willpower (right hand)
Scrolls
 c - a scroll of identify
 j - 3 scrolls of teleportation
Potions
 a - a potion of haste
 e - a potion of mutation
 i - a potion of resistance
 m - 7 potions of curing
 q - a potion of lignification {unknown}

Dungeon Overview and Level Annotations

Branches:
Dungeon (10/15)            Temple (1/1) D:4            Lair (2/5) D:8
  Sewer (visited)
  Swamp: Lair:2-3    Shoals: Lair:2-3     Snake: Lair:2-3    Spider: Lair:2-3
    Orc: D:9-12

Altars:
Ashenzari
Cheibriados
Dithmenos
Elyvilon
Fedhas
Gozag
Hepliaklqana
Kikubaaqudgha
Makhleb
Nemelex Xobeh
Okawaru
Qazlal
Ru
Sif Muna
Uskayaw
Vehumet
Wu Jian
Xom
Yredelemnul
Zin
The Shining One

Shops:
D:2 ?   D:8 *

Annotations:
D:7 exclusion: 4 electric eels


Message History

You gain the combat prowess of a mighty hero.
The spectral death yak misses you. The skyshark misses you. x2
The skyshark closely misses you.
You shoot an arrow. The arrow hits the skyshark!
The skyshark is heavily wounded.
The spectral death yak barely misses you.
You shoot an arrow. The arrow hits the skyshark!
The skyshark is severely wounded.
The skyshark bites you!
The skyshark enters a blood-rage!
The skyshark closely misses you. The skyshark completely misses you.
You shoot an arrow. The arrow barely misses the skyshark.
The skyshark bites you! The skyshark closely misses you.
The skyshark barely misses you. The spectral death yak gores you!
You feel drained.
You shoot an arrow. The arrow hits the skyshark.
The skyshark is severely wounded.
The skyshark misses you. You furiously retaliate!
You headbutt the skyshark. The skyshark completely misses you.
The skyshark tail-slaps you. The spectral death yak gores you.
You feel drained.
10678 ||| READING 4 scrolls of teleportation.
As you read the scroll of teleportation, it crumbles to dust.
You feel strangely unstable.
The skyshark bites you but does no damage.
The skyshark tail-slaps you but does no damage.
The skyshark completely misses you. The skyshark closely misses you.
The skyshark completely misses you. The skyshark tail-slaps you.
The spectral death yak misses you.
You shoot an arrow. The arrow hits the skyshark!!
The skyshark is almost dead.
The skyshark closely misses you. The skyshark barely misses you.
The skyshark misses you.
You shoot an arrow. The arrow hits the skyshark!
The skyshark is almost dead.
The spectral death yak gores you but does no damage.
The skyshark barely misses you. You furiously retaliate!
You headbutt the skyshark! The skyshark closely misses you.
The skyshark completely misses you.
You shoot an arrow. The arrow closely misses the skyshark.
The skyshark bites you!! The skyshark tail-slaps you!
You die...

#### #
#.P###.###
#...@ZZ..#
#.#77l...7
####.7
....7
#..<.#
.~..7
#.%.##
.~~..7
#.....#
~.7~.7
#....##
7777~.7
#..... .77
#..#..


You could see a skyshark (berserk), a spectral basilisk and a spectral death
yak.

Vanquished Creatures
  3 cane toads (Lair:1)
  Maggie (D:6)
  2 black mambas (Lair:1)
  3 rime drakes
  4 komodo dragons
  A troll (D:9)
  5 blink frogs (Lair:1)
  Prince Ribbit (D:6)
  A vampire (D:7)
  2 wyverns
  2 basilisks
  3 yaks (D:9)
  A steam dragon (D:6)
  4 water moccasins
  Pargi (Sewer)
  2 orc warriors (D:8)
  6 ice beasts
  A sky beast (D:7)
  4 ogres
  5 wolves
  A centaur (D:9)
  2 kobold brigands (D:9)
  A phantom (D:6)
  2 bullfrogs
  Blork the orc (D:5)
  3 scorpions
  11 wights
  4 killer bees (D:8)
  4 electric eels (D:7)
  A jelly (D:6)
  3 hounds
  4 orc priests
  3 sleepcaps
  A gnoll bouda (D:7)
  6 iguanas
  5 orc wizards
  4 gnolls
  9 adders
  2 shadow imps
  A worm (D:4)
  3 dart slugs
  17 orcs
  2 bats
  9 endoplasms
  6 giant cockroaches
  7 goblins
  3 hobgoblins
  6 quokkas
  9 ball pythons
  4 frilled lizards
  15 kobolds
  7 rats
208 creatures vanquished.

Notes
Turn   | Place    | Note
-------+----------+-------------------------------------------
     0 | D:1      | qw the Minotaur Hexslinger began the quest for the Orb.
     0 | D:1      | Reached XP level 1. HP: 16/16 MP: 1/1
     0 | D:1      | 0 ||| qw: Version: 0.3-a-52-g30416fa
     0 | D:1      | 0 ||| qw: Game counter: 7657
     0 | D:1      | 0 ||| qw: Melee chars always use a shield: true
     0 | D:1      | 0 ||| qw: God list: Okawaru
     0 | D:1      | 0 ||| qw: Allow faded altars: false
     0 | D:1      | 0 ||| qw: Do Orc after clearing Dungeon:15 true
     0 | D:1      | 0 ||| qw: Do second Lair branch before Depths: true
     0 | D:1      | 0 ||| qw: Lair rune preference: random
     0 | D:1      | 0 ||| qw: Goals: Normal
     0 | D:1      | 0 ||| PLANNING D:1-11
   133 | D:1      | Reached skill level 3 in Ranged Weapons
   136 | D:1      | Reached XP level 2. HP: 23/23 MP: 2/2
   397 | D:1      | 397 ||| UPGRADING to +0 pair of boots.
   402 | D:1      | 402 ||| UPGRADING to +0 leather armour.
   412 | D:1      | 412 ||| DROPPING +0 robe.
   413 | D:1      | 413 ||| DROPPING +6 ring of intelligence.
   414 | D:1      | 414 ||| READING scroll labelled XAMUIBL RIMOYK.
   415 | D:1      | 415 ||| DRINKING 2 glowing cyan potions.
   416 | D:1      | 416 ||| DROPPING scroll of poison.
   417 | D:1      | 417 ||| DROPPING potion of magic.
   596 | D:2      | Found a snail-covered altar of Cheibriados.
   651 | D:2      | Found a faded altar of an unknown god.
   674 | D:2      | Found Xeuttof's Magic Scroll Shop.
   679 | D:2      | Reached XP level 3. HP: 29/29 MP: 3/3
   684 | D:2      | Reached skill level 4 in Ranged Weapons
   689 | D:2      | 689 ||| SHOPLISTING scroll of acquirement (572 gold, have
                  | 82).
   689 | D:2      | 689 ||| BUYING scroll of identify (22 gold).
   689 | D:2      | Bought a scroll of identify for 22 gold pieces
   689 | D:2      | 689 ||| BUYING scroll of teleportation (33 gold).
   689 | D:2      | Bought a scroll of teleportation for 33 gold pieces
   689 | D:2      | 689 ||| SHOPLISTING scroll of teleportation (33 gold, have
                  | 27).
   969 | D:2      | 969 ||| UPGRADING to +0 ring mail.
   979 | D:2      | 979 ||| UPGRADING to +0 pair of gloves.
   984 | D:2      | 984 ||| DROPPING +0 leather armour.
   985 | D:2      | 985 ||| READING scroll labelled UCOITUJ WEXA.
   986 | D:2      | 986 ||| READING scroll labelled ANECLE VOZA.
   987 | D:2      | 987 ||| READING 2 scrolls of identify.
   987 | D:2      | 987 ||| IDENTIFYING amethyst potion
  1030 | D:3      | Reached skill level 1 in Armour
  1055 | D:3      | Found a sparkling altar of Nemelex Xobeh.
  1176 | D:3      | 1176 ||| READING scroll of enchant armour.
  1176 | D:3      | 1176 ||| ENCHANTING +0 pair of gloves.
  1311 | D:3      | Reached XP level 4. HP: 36/36 MP: 4/4
  1490 | D:3      | Found a shadowy altar of Dithmenos.
  1547 | D:3      | Reached skill level 5 in Ranged Weapons
  1772 | D:3      | Reached XP level 5. HP: 26/41 MP: 5/5
  1913 | D:3      | 1913 ||| READING scroll labelled ECYPPY BU ZUD.
  1914 | D:3      | 1914 ||| READING scroll labelled KOYSCH UJAITZ.
  2019 | D:4      | Found a staircase to the Ecumenical Temple.
  2020 | D:4      | 2020 ||| PLANNING TEMPLE
  2020 | D:4      | 2020 ||| DRINKING 3 coppery potions.
  2026 | Temple   | Entered the Ecumenical Temple
  2195 | Temple   | 2195 ||| PLANNING D:1-11
  2283 | D:4      | Noticed an ogre
  2296 | D:4      | Killed an ogre
  2415 | D:4      | Reached XP level 6. HP: 49/53 MP: 6/6
  2429 | D:4      | Reached skill level 6 in Ranged Weapons
  2436 | D:4      | 2436 ||| FLEEEEING.
  2506 | D:4      | 2506 ||| FLEEEEING.
  2799 | D:4      | 2799 ||| UPGRADING to ring of protection from cold.
  2845 | D:5      | Entered Level 5 of the Dungeon
  2846 | D:5      | 2846 ||| PLANNING SEWER
  2904 | D:5      | Found a glowing drain.
  2908 | D:5      | 2908 ||| READING scroll labelled ZAARUJASEZY.
  2917 | D:5      | 2917 ||| Stepping ~*~*~tactically~*~*~ (water).
  2927 | Sewer    | Entered a sewer
  2955 | Sewer    | Noticed Pargi
  2974 | Sewer    | Killed Pargi
  3144 | Sewer    | 3144 ||| READING scroll of enchant armour.
  3144 | Sewer    | 3144 ||| ENCHANTING +1 pair of gloves.
  3145 | Sewer    | 3145 ||| READING scroll labelled ANISKI VAEPSOV.
  3146 | Sewer    | 3146 ||| READING scroll labelled MIWYOVOTAV.
  3147 | Sewer    | 3147 ||| READING 2 scrolls of identify.
  3147 | Sewer    | 3147 ||| IDENTIFYING orange potion
  3163 | D:5      | 3163 ||| PLANNING D:1-11
  3236 | D:5      | Reached skill level 7 in Ranged Weapons
  3242 | D:5      | 3242 ||| STAIRDANCE
  3244 | D:4      | 3244 ||| READING 2 scrolls of identify.
  3244 | D:4      | 3244 ||| IDENTIFYING puce potion
  3273 | D:5      | Reached XP level 7. HP: 60/60 MP: 7/7
  3347 | D:5      | Noticed a +0 short sword
  3347 | D:5      | Noticed a +0 spear
  3347 | D:5      | Noticed a +0 falchion
  3348 | D:5      | Noticed a +0 spear
  3348 | D:5      | Noticed a +0 falchion
  3348 | D:5      | Noticed a +0 short sword
  3349 | D:5      | Noticed a +0 dagger
  3349 | D:5      | Noticed a +0 dagger
  3378 | D:5      | Found a hide-covered altar of Uskayaw.
  3511 | D:5      | Found a shimmering blue altar of Sif Muna.
  3580 | D:5      | 3580 ||| READING 2 scrolls of identify.
  3580 | D:5      | 3580 ||| IDENTIFYING fuming golden potion
  3586 | D:5      | 3586 ||| STAIRDANCE
  3780 | D:5      | Noticed Blork the orc
  3784 | D:5      | Killed Blork the orc
  3785 | D:5      | Reached skill level 8 in Ranged Weapons
  3823 | D:5      | 3823 ||| UPGRADING to +2 robe of fire resistance.
  3833 | D:5      | 3833 ||| DROPPING +0 ring mail.
  3884 | D:6      | Noticed Maggie
  3900 | D:6      | Killed Maggie
  3901 | D:6      | Reached XP level 8. HP: 50/67 MP: 8/8
  4038 | D:6      | 4038 ||| READING scroll of enchant armour.
  4038 | D:6      | 4038 ||| ENCHANTING +0 pair of boots.
  4324 | D:6      | Found a sacrificial altar of Ru.
  4436 | D:6      | Found a basalt altar of Yredelemnul.
  4479 | D:6      | Reached skill level 9 in Ranged Weapons
  4553 | D:6      | Noticed Prince Ribbit
  4560 | D:6      | Killed Prince Ribbit
  4561 | D:6      | Reached skill level 6 in Fighting
  4946 | D:6      | 4946 ||| UPGRADING to +1 hat.
  4951 | D:6      | 4951 ||| READING scroll labelled QIMMEY AFOBB.
  4952 | D:6      | 4952 ||| READING 2 scrolls of identify.
  4952 | D:6      | 4952 ||| IDENTIFYING blue potion
  4953 | D:6      | 4953 ||| DROPPING potion of brilliance.
  4991 | D:7      | You fall into a shaft and drop 3 floors!
  4991 | D:10     | Entered Level 10 of the Dungeon
  5006 | D:10     | 5006 ||| FLEEEEING.
  5007 | D:10     | 5007 ||| STAIRDANCE
  5043 | D:9      | 5043 ||| Stepping ~*~*~tactically~*~*~ (outnumbered).
  5063 | D:9      | Reached skill level 10 in Ranged Weapons
  5178 | D:9      | 5178 ||| SWAPPING to +0 shortbow.
  5179 | D:9      | 5179 ||| DROPPING +2 sling of electrocution.
  5311 | D:9      | Noticed a troll
  5323 | D:9      | Killed a troll
  5324 | D:9      | Reached XP level 9. HP: 37/80 MP: 9/9
  5693 | D:9      | 5693 ||| UPGRADING to ring of willpower.
  5703 | D:8      | 5703 ||| PLANNING OSSUARY
  5710 | D:8      | Reached skill level 11 in Ranged Weapons
  5717 | D:8      | Found an iron altar of Okawaru.
  5856 | D:8      | Noticed a rime drake
  5857 | D:8      | 5857 ||| Stepping ~*~*~tactically~*~*~ (water).
  5874 | D:8      | Killed a rime drake
  5875 | D:8      | Reached skill level 12 in Ranged Weapons
  5906 | D:8      | Reached skill level 6 in Dodging
  5972 | D:8      | Noticed a polar bear
  5991 | D:8      | HP: 13/81 [polar bear (20)]
  5992 | D:8      | 5992 ||| READING 4 scrolls of teleportation.
  5992 | D:8      | HP: 1/81 [polar bear (10)]
  5993 | D:8      | 5993 ||| DRINKING potion of heal wounds.
  6435 | D:8      | 6435 ||| Stepping ~*~*~tactically~*~*~ (outnumbered).
  6437 | D:8      | 6437 ||| Stepping ~*~*~tactically~*~*~ (outnumbered).
  6450 | D:8      | 6450 ||| FLEEEEING.
  6467 | D:8      | Reached XP level 10. HP: 31/88 MP: 10/10
  6467 | D:8      | 6467 ||| FLEEEEING.
  6471 | D:8      | 6471 ||| FLEEEEING.
  6472 | D:8      | 6472 ||| FLEEEEING.
  6473 | D:8      | 6473 ||| FLEEEEING.
  6474 | D:8      | 6474 ||| FLEEEEING.
  6475 | D:8      | 6475 ||| FLEEEEING.
  6476 | D:8      | 6476 ||| FLEEEEING.
  6477 | D:8      | 6477 ||| FLEEEEING.
  6478 | D:8      | 6478 ||| FLEEEEING.
  6479 | D:8      | 6479 ||| FLEEEEING.
  6480 | D:8      | 6480 ||| FLEEEEING.
  6481 | D:8      | 6481 ||| FLEEEEING.
  6482 | D:8      | 6482 ||| FLEEEEING.
  6483 | D:8      | 6483 ||| FLEEEEING.
  6484 | D:8      | 6484 ||| FLEEEEING.
  6485 | D:8      | 6485 ||| FLEEEEING.
  6486 | D:8      | 6486 ||| FLEEEEING.
  6487 | D:8      | 6487 ||| FLEEEEING.
  6488 | D:8      | 6488 ||| FLEEEEING.
  6489 | D:8      | 6489 ||| FLEEEEING.
  6490 | D:8      | 6490 ||| FLEEEEING.
  6491 | D:8      | 6491 ||| FLEEEEING.
  6492 | D:8      | 6492 ||| FLEEEEING.
  6493 | D:8      | 6493 ||| FLEEEEING.
  6494 | D:8      | 6494 ||| FLEEEEING.
  6495 | D:8      | 6495 ||| FLEEEEING.
  6496 | D:8      | 6496 ||| FLEEEEING.
  6497 | D:8      | 6497 ||| FLEEEEING.
  6498 | D:8      | 6498 ||| FLEEEEING.
  6498 | D:8      | 6498 ||| RIP OSSUARY
  6499 | D:8      | 6499 ||| PLANNING OKAWARU WORSHIP
  6499 | D:8      | 6499 ||| FLEEEEING.
  6505 | D:8      | 6505 ||| FLEEEEING.
  6506 | D:8      | 6506 ||| FLEEEEING.
  6507 | D:8      | 6507 ||| FLEEEEING.
  6508 | D:8      | 6508 ||| FLEEEEING.
  6509 | D:8      | 6509 ||| FLEEEEING.
  6510 | D:8      | 6510 ||| FLEEEEING.
  6511 | D:8      | 6511 ||| FLEEEEING.
  6512 | D:8      | 6512 ||| FLEEEEING.
  6513 | D:8      | 6513 ||| FLEEEEING.
  6514 | D:8      | 6514 ||| FLEEEEING.
  6522 | D:8      | 6522 ||| FLEEEEING.
  6526 | D:8      | 6526 ||| FLEEEEING.
  6527 | D:8      | 6527 ||| FLEEEEING.
  6528 | D:8      | 6528 ||| FLEEEEING.
  6529 | D:8      | 6529 ||| FLEEEEING.
  6530 | D:8      | 6530 ||| FLEEEEING.
  6535 | D:8      | 6535 ||| STAIRDANCE
  6546 | D:7      | 6546 ||| Stepping ~*~*~tactically~*~*~ (outnumbered).
  6547 | D:7      | 6547 ||| FLEEEEING.
  6548 | D:7      | 6548 ||| FLEEEEING.
  6549 | D:7      | 6549 ||| STAIRDANCE
  6657 | D:7      | 6657 ||| STAIRDANCE
  6730 | D:7      | 6730 ||| STAIRDANCE
  6835 | D:7      | 6835 ||| Stepping ~*~*~tactically~*~*~ (outnumbered).
  6838 | D:7      | 6838 ||| Stepping ~*~*~tactically~*~*~ (outnumbered).
  6839 | D:7      | 6839 ||| Stepping ~*~*~tactically~*~*~ (outnumbered).
  6849 | D:7      | Reached skill level 13 in Ranged Weapons
  6863 | D:7      | 6863 ||| FLEEEEING.
  6864 | D:7      | 6864 ||| FLEEEEING.
  6865 | D:7      | 6865 ||| FLEEEEING.
  6866 | D:7      | 6866 ||| STAIRDANCE
  6934 | D:7      | 6934 ||| STAIRDANCE
  7027 | D:8      | 7027 ||| SWAPPING to +0 orcbow.
  7028 | D:8      | 7028 ||| DROPPING +0 shortbow.
  7068 | D:8      | Reached skill level 9 in Fighting
  7151 | D:8      | Found Ileokkel's Elemental Accessories.
  7201 | D:8      | 7201 ||| READING scroll labelled ZOWIMIOFORU.
  7220 | D:8      | 7220 ||| FLEEEEING.
  7221 | D:8      | 7221 ||| FLEEEEING.
  7222 | D:8      | 7222 ||| FLEEEEING.
  7223 | D:8      | 7223 ||| FLEEEEING.
  7224 | D:8      | 7224 ||| FLEEEEING.
  7225 | D:8      | 7225 ||| FLEEEEING.
  7347 | D:8      | Became a worshipper of Warmaster Okawaru
  7348 | D:8      | 7348 ||| PLANNING D:1-11
  7410 | D:7      | 7410 ||| READING scroll of enchant armour.
  7410 | D:7      | 7410 ||| ENCHANTING +1 hat.
  7783 | D:7      | HP: 13/91 [vampire/vampiric draining (21)]
  7784 | D:7      | 7784 ||| READING 4 scrolls of teleportation.
  7785 | D:7      | 7785 ||| DRINKING potion of heal wounds.
  7787 | D:7      | Reached * piety under Okawaru
  7992 | D:7      | 7992 ||| FLEEEEING.
  7993 | D:7      | 7993 ||| FLEEEEING.
  8030 | D:7      | 8030 ||| INVOKING Heroism.
  8095 | D:7      | 8095 ||| FLEEEEING.
  8182 | D:7      | 8182 ||| FLEEEEING.
  8281 | D:7      | 8281 ||| FLEEEEING.
  8361 | D:7      | 8361 ||| FLEEEEING.
  8392 | D:7      | 8392 ||| FLEEEEING.
  8459 | D:7      | Reached skill level 14 in Ranged Weapons
  8469 | D:7      | 8469 ||| READING scroll labelled WOESTO DOSIN.
  8602 | D:7      | 8602 ||| READING 2 scrolls of identify.
  8602 | D:7      | 8602 ||| IDENTIFYING brown potion
  8603 | D:7      | 8603 ||| DROPPING potion of degeneration.
  8902 | D:8      | Found a staircase to the Lair.
  8979 | D:8      | 8979 ||| READING scroll of enchant weapon.
  8979 | D:8      | 8979 ||| ENCHANTING +0 orcbow.
  9409 | D:8      | 9409 ||| PLANNING LAIR
  9468 | Lair:1   | Entered Level 1 of the Lair of Beasts
  9495 | Lair:1   | 9495 ||| INVOKING Heroism.
  9497 | Lair:1   | Reached skill level 1 in Invocations
  9503 | Lair:1   | Noticed a black mamba
  9509 | Lair:1   | 9509 ||| INVOKING Heroism.
  9510 | Lair:1   | Killed a black mamba
  9519 | Lair:1   | Reached skill level 3 in Invocations
  9602 | Lair:1   | Noticed a cane toad
  9603 | Lair:1   | 9603 ||| INVOKING Heroism.
  9609 | Lair:1   | Killed a cane toad
  9609 | Lair:1   | Reached ** piety under Okawaru
  9683 | Lair:1   | 9683 ||| INVOKING Heroism.
  9692 | Lair:1   | Reached XP level 11. HP: 99/99 MP: 9/12
  9836 | Lair:1   | 9836 ||| INVOKING Heroism.
  9915 | Lair:1   | 9915 ||| INVOKING Heroism.
 10142 | Lair:1   | 10142 ||| INVOKING Heroism.
 10316 | Lair:1   | 10316 ||| INVOKING Heroism.
 10480 | Lair:2   | 10480 ||| INVOKING Heroism.
 10492 | Lair:2   | Reached skill level 15 in Ranged Weapons
 10502 | Lair:2   | 10502 ||| STAIRDANCE
 10665 | Lair:2   | Noticed a skyshark
 10673 | Lair:2   | 10673 ||| INVOKING Heroism.
 10677 | Lair:2   | HP: 23/96 [spectral death yak (4)]
 10678 | Lair:2   | 10678 ||| READING 4 scrolls of teleportation.
 10681 | Lair:2   | HP: 1/95 [skyshark (20)]
 10681 | Lair:2   | Mangled by a skyshark

Levels and vault maps discovered:
D:1:      onia_arrival_pyramid, layout_rooms
D:2:      layout_rooms, serial_shops, shop, basic_altar,
          hellmonk_ecumenical_altar_lost_god, kennysheep_flooded_box
D:3:      minmay_inner_zag, layout_basic, mainiacjoe_overflow_small_starburst,
          mainiacjoe_overflow_brackets, minmay_three_crescents
D:4:      minmay_chambers_of_threes, layout_gridville, minmay_temple_entry_hall
D:5:      layout_loops_ring, nicolae_uskayaw_en_pointe,
          mainiacjoe_overflow_boulevard, portal_sewer_entry_f,
          uniq_blork_the_orc
D:6:      layout_layer_cave, nicolae_ru_sacrificial_ziggurat,
          mainiacjoe_overflow_alcove_4, minmay_misc_feat_four_crosses,
          hex_medium, roderic_roman_lattice, uniq_maggie, uniq_prince_ribbit1
D:7:      cheibrodos_two_vegetables, layout_rooms,
          chequers_serial_rivers_micro_b
D:8:      layout_basic, okawaru_gym_becter, hellmonk_lair_entry_icy,
          chequers_ossuary_entry_cave, nicolae_elemental_shop,
          nicolae_kite_square_tiling_tiny
D:9:      layout_long_grid, david_orc_4, serial_shops, nicolae_shop_statue_plus
D:10:     layout_big_octagon, trog_hazing_becter, uniq_psyche
Temple:   eino_narrow_crystal_temple
Lair:1:   layout_gridlike
Lair:2:   layout_misc_corridors, nicolae_swamp_entry_spooky, dummy_spider_entry,
          serial_bayou_shore_b

Skill      XL: |  1  2  3  4  5  6  7  8  9 10 11 |
---------------+----------------------------------+-----
Ranged Weapons | 3 4 5 7 8 10 12 14 15 | 15.0
Fighting       | 2 4 7 8 9 10 | 10.0
Armour         | 1 2 |  2.0
Dodging        | 5 6 7 |  7.5
Invocations    | 3 4 |  4.1
Spellcasting   | |  1.0
Hexes          | |  2.0

Action                     |  1- 3 |  4- 6 |  7- 9 | 10-12 || total
---------------------------+-------+-------+-------+-------++-------
   Fire: Sling             |   109 |   154 |   112 |       ||   375
         Shortbow          |       |       |   213 |    56 ||   269
         Orcbow            |       |       |       |   356 ||   356
 Invoke: Heroism           |       |       |       |    11 ||    11
    Use: Scroll            |     5 |     8 |     5 |     7 ||    25
         Potion            |     1 |     1 |     1 |     1 ||     4
 Armour: Leather armour    |     5 |       |       |       ||     5
         Robe              |     3 |       |    67 |    39 ||   109
         Ring mail         |     4 |    63 |     3 |       ||    70
  Dodge: Dodged            |    27 |    63 |   158 |   160 ||   408

Table legend:
 A = Non-vault XP
 B = Vault XP
 C = Vault XP percentage of total XP
 D = Non-vault monster count
 E = Vault monster count
 F = Vault count percentage of total count
                 A         B        C        D         E       F
            +---------+---------+-------+---------+---------+-------
      Total |   12374 |    2737 |  18.1 |     162 |      46 |  22.1
            +---------+---------+-------+---------+---------+-------
        D:1 |      25 |       0 |   0.0 |      12 |       0 |   0.0
        D:2 |      52 |       0 |   0.0 |      19 |       0 |   0.0
        D:3 |      40 |      81 |  66.9 |      10 |      12 |  54.5
        D:4 |      24 |     271 |  91.9 |       6 |      12 |  66.7
        D:5 |     261 |     102 |  28.1 |       5 |       7 |  58.3
        D:6 |     897 |     677 |  43.0 |      15 |       2 |  11.8
        D:7 |    1329 |     575 |  30.2 |      22 |       7 |  24.1
        D:8 |    1724 |     890 |  34.0 |      31 |       5 |  13.9
        D:9 |    1218 |       0 |   0.0 |      17 |       0 |   0.0
     Lair:1 |    6292 |       0 |   0.0 |      23 |       0 |   0.0
     Lair:2 |     512 |       0 |   0.0 |       2 |       0 |   0.0
      Sewer |       0 |     141 | 100.0 |       0 |       1 | 100.0
            +---------+---------+-------+---------+---------+-------
